 Dungeon Crawl Stone Soup version 0.26.0-18-gc5c842f807 (webtiles) character file.

Game seed: 96157404728369692

14585 GordonOverkill the Blocker (level 11, -5/100 HPs)
             Began as a Deep Dwarf Fighter on Jan 22, 2021.
             Was a Priest of Makhleb.
             Slain by a sixfirhy (7 damage)
             ... summoned by an orc high priest
             ... on level 2 of the Orcish Mines.
             The game lasted 00:44:00 (4211 turns).

GordonOverkill the Blocker (Deep Dwarf Fighter)     Turns: 4211, Time: 00:44:00

Health: -5/100     AC: 17    Str: 23    XL:     11   Next: 90%
Magic:  0/0        EV:  6    Int:  9    God:    Makhleb [***...]
Gold:   846        SH: 13    Dex: 12    Spells: 20/20 levels left

rFire    + . .     SeeInvis .   a - +0 war axe (vorpal)
rCold    + . .     Faith    .   c - +0 kite shield
rNeg     . . .     Spirit   .   d - +0 plate armour {rF+}
rPois    .         Reflect  .   l - +0 helmet
rElec    .         Harm     .   (no cloak)
rCorr    .         Rampage  .   (no gloves)
Will     +....                  (no boots)
Stlth    ..........             (no amulet)
HPRegen  0.00/turn              m - +4 ring of protection
MPRegen  0.07/turn              x - ring of protection from cold

@: non-regenerating
A: damage resistance, heal wounds, sense surroundings 2, no regeneration
a: Heal Wounds, Renounce Religion, Minor Destruction, Lesser Servant of Makhleb


You were on level 2 of the Orcish Mines.
You worshipped Makhleb.
Makhleb was most pleased with you.
You visited 3 branches of the dungeon, and saw 14 of its levels.

You collected 846 gold pieces.

Inventory:

Hand Weapons
 a - a +0 vorpal war axe (weapon)
 b - a +2 flail of holy wrath
Missiles
 h - 29 poisoned darts (quivered)
 F - 3 datura-tipped darts
Armour
 c - a +0 kite shield (worn)
 d - a +0 plate armour of fire resistance (worn)
 e - a scarf of shadows
 l - a +0 helmet (worn)
 t - a +0 plate armour
Jewellery
 m - a +4 ring of protection (left hand)
 o - a +6 ring of intelligence
 x - a ring of protection from cold (right hand)
 H - an uncursed ring of positive energy
Wands
 z - a wand of polymorph (20)
 G - a wand of random effects (6)
Scrolls
 j - 2 scrolls of immolation
 k - a scroll of amnesia
 n - 2 scrolls of identify
 p - 3 scrolls of remove curse
 E - 2 scrolls of enchant weapon
Potions
 g - 5 potions of curing
 q - 2 potions of attraction
 r - a potion of ambrosia
 u - a potion of flight
 v - a potion of cancellation
 w - 2 potions of brilliance
 B - 2 potions of lignification
 I - a potion of invisibility {unknown}


   Skills:
 - Level 7.0 Fighting
 * Level 11.8 Axes
 - Level 5.0 Armour
 * Level 12.0 Shields
 + Level 5.0 Spellcasting
 - Level 7.3 Invocations
 - Level 5.0 Evocations


You had 20 spell levels left.
You didn't know any spells.
Your spell library was empty.

Dungeon Overview and Level Annotations

Branches:
Dungeon (11/15)            Temple (1/1) D:6            Lair (0/6) D:10
    Orc (2/2) D:11            Elf (0/3) Orc:2

Altars:
Ashenzari
Cheibriados
Elyvilon
Gozag
Kikubaaqudgha
Makhleb
Nemelex Xobeh
Okawaru
Ru
Sif Muna
Trog
Wu Jian
Xom
Yredelemnul
Zin
The Shining One
Beogh

Shops:
Orc:1 =   Orc:2 (*[:

Annotations:
D:4 3 runed translucent doors, stripedtigrrr's ghost, amateur DrIE
D:9 Prince Ribbit


Innate Abilities, Weirdness & Mutations

You are resistant to damage.
You can heal yourself by infusing magical energy.
You passively map the area around you.
You do not regenerate.


Message History

You hit the orc high priest.
The orc high priest is almost dead.
You hit the ice devil but do no damage. You barely miss the troll.
You hit the orc knight. You closely miss the sixfirhy.
The rust devil disappears in a puff of smoke!
The red devil hits you but does no damage.
You block the ice devil's attack. You block the troll's attack. x2
The troll claws you but does no damage.
The orc knight hits you with a +0 battleaxe!
* * * LOW HITPOINT WARNING * * *
The orc high priest hits you but does no damage. x2
You closely miss the orc high priest.
The orc high priest is almost dead.
You hit the ice devil. You barely miss the troll.
You hit the orc knight but do no damage.
You closely miss the sixfirhy. The sixfirhy barely misses you.
The sixfirhy hits you but does no damage.
You block the sixfirhy's attack. You block the ice devil's attack.
The sixfirhy hits you. The sixfirhy shocks you!
You die...

..............## ,
#.............# .......,
, * #.........._..#
,......∩ , ,,
..............# ,.......
.......##.....# *.......
, ,* , #...........###
,,....P.. ,
#..........####* ......P
, ,
#.....#....##.####o4.....
,
...............4@o#5...,
,*#....
........##.....To3o......
.##....
.........##..#.4344......
.......
....P..PP..##........$...
......P
.....P.....###.......#...
.......
#..P.........#.......#
#.,.......
#..P................##
.......
#.....∩..........#### *
#.......
#..P...............##
*$......8.


You could see an orc knight, 2 orc high priests, an orange demon (summoned), 2
ice devils, a rust devil (summoned), a troll, 2 sixfirhies, an orc sorcerer and
a red devil (summoned).

Vanquished Creatures
  A hydra (D:11)
  2 two-headed ogres
  2 orc high priests (Orc:2)
  An unseen horror (D:10)
  Pikel (D:8)
  3 orc sorcerers (Orc:2)
  A cane toad (D:9)
  A yaktaur (D:10)
  4 trolls
  Sigmund (D:4)
  Grum (D:10)
  Menkaure (D:4)
  3 wargs
  A soldier ant (D:9)
  3 ice beasts
  14 orc warriors
  A phantom (D:8)
  A sky beast (D:8)
  5 wolves (D:10)
  2 centaurs
  4 ogres
  Blork the orc (D:5)
  5 bullfrogs
  6 killer bees (D:4)
  2 electric eels (D:10)
  7 hounds
  3 jellies
  13 orc priests
  10 orc wizards
  2 centaur skeletons (D:5)
  4 iguanas
  7 worker ants
  Natasha (D:4)
  2 hound skeletons (D:10)
  A worker ant zombie (D:10)
  Robin (D:4)
  4 adders
  2 gnolls (Orc:1)
  A river rat (D:10)
  4 white imps
  An ooze (D:5)
  2 adder skeletons
  2 worms
  2 dart slugs
  3 leopard geckos
  36 orcs
  9 goblins
  4 hobgoblins (D:4)
  A quokka (D:4)
  2 frilled lizards
  A kobold (D:3)
  A quokka skeleton (D:4)
  A rat (D:1)
194 creatures vanquished.

Vanquished Creatures (collateral kills)
  An orc warlord (Orc:2)
  An orc high priest (Orc:2)
  3 trolls (Orc:2)
  9 orc warriors
  An ogre (Orc:2)
  3 orc priests (Orc:2)
  4 orc wizards (Orc:1)
  A gnoll (Orc:1)
  4 orcs
27 creatures vanquished.

Vanquished Creatures (others)
  7 fungi (Orc:2)
7 creatures vanquished.

Grand Total: 228 creatures vanquished

Notes
Turn   | Place    | Note
-------+----------+-------------------------------------------
     0 | D:1      | GordonOverkill the Deep Dwarf Fighter began the quest for
                  | the Orb.
     0 | D:1      | Reached XP level 1. HP: 20/20 MP: 1/1
   100 | D:2      | Reached XP level 2. HP: 27/27 MP: 2/2
   236 | D:4      | Found a runed translucent gate.
   236 | D:4      | Found a runed translucent gate.
   238 | D:4      | Found a runed translucent gate.
   244 | D:4      | Noticed stripedtigrrr's ghost (amateur DrIE)
   244 | D:4      | Noticed a bullfrog
   248 | D:4      | Noticed an ice beast
   262 | D:4      | Killed an ice beast
   263 | D:4      | Reached skill level 4 in Shields
   263 | D:4      | Reached XP level 3. HP: 28/34 MP: 2/2
   263 | D:4      | Reached XP level 4. HP: 35/42 MP: 3/3
   322 | D:4      | Reached XP level 5. HP: 27/49 MP: 4/4
   342 | D:4      | Reached skill level 5 in Shields
   378 | D:4      | Reached XP level 6. HP: 35/56 MP: 4/4
   423 | D:4      | Noticed Sigmund
   440 | D:4      | Killed Sigmund
   441 | D:4      | Reached skill level 5 in Axes
   441 | D:4      | Reached XP level 7. HP: 37/63 MP: 5/5
   493 | D:4      | Noticed Menkaure
   504 | D:4      | Killed Menkaure
   505 | D:4      | Reached skill level 6 in Shields
   510 | D:4      | Noticed Robin
   535 | D:4      | Killed Robin
   620 | D:4      | Noticed Natasha
   633 | D:4      | Killed Natasha
   644 | D:5      | Entered Level 5 of the Dungeon
   762 | D:5      | Reached skill level 5 in Armour
  1007 | D:5      | Found a glowing golden altar of the Shining One.
  1008 | D:5      | Found an ancient bone altar of Kikubaaqudgha.
  1058 | D:5      | Noticed Blork the orc
  1071 | D:5      | Killed Blork the orc
  1072 | D:5      | Reached XP level 8. HP: 66/73 MP: 6/6
  1219 | D:6      | Reached skill level 7 in Shields
  1307 | D:6      | Found a staircase to the Ecumenical Temple.
  1316 | Temple   | Entered the Ecumenical Temple
  1365 | Temple   | Became a worshipper of Makhleb the Destroyer
  1455 | D:6      | Reached skill level 1 in Invocations
  1455 | D:6      | Reached skill level 1 in Evocations
  1758 | D:8      | Reached skill level 5 in Fighting
  1829 | D:8      | Reached skill level 8 in Shields
  1933 | D:8      | Found a bloodstained altar of Trog.
  1933 | D:8      | Found a sacrificial altar of Ru.
  1933 | D:8      | Found an ornate altar of the Wu Jian Council.
  1933 | D:8      | Found a shimmering blue altar of Sif Muna.
  1933 | D:8      | Noticed Pikel
  1955 | D:8      | Killed Pikel
  1956 | D:8      | Reached skill level 1 in Spellcasting
  1956 | D:8      | Gained mutation: You passively map the area around you.
                  | [Deep Dwarf growth]
  1956 | D:8      | Reached XP level 9. HP: 65/81 MP: 3/5
  2043 | D:8      | Noticed a two-headed ogre
  2047 | D:8      | Killed a two-headed ogre
  2062 | D:8      | Reached skill level 9 in Shields
  2148 | D:8      | Found a basalt altar of Yredelemnul.
  2283 | D:9      | Noticed a troll
  2287 | D:9      | Noticed a cane toad
  2287 | D:9      | a troll changed into a cane toad
  2301 | D:9      | Killed a cane toad
  2353 | D:9      | Noticed a troll
  2357 | D:9      | Killed a troll
  2357 | D:9      | Reached * piety under Makhleb
  2529 | D:9      | Reached XP level 10. HP: 54/91 MP: 6/6
  2531 | D:9      | Noticed a two-headed ogre
  2541 | D:9      | Killed a two-headed ogre
  2545 | D:9      | Noticed Prince Ribbit
  2637 | D:9      | Reached skill level 5 in Invocations
  2720 | D:10     | Entered Level 10 of the Dungeon
  2799 | D:10     | Reached skill level 5 in Evocations
  2812 | D:10     | Found a staircase to the Lair.
  2832 | D:10     | Reached skill level 10 in Shields
  2964 | D:10     | Reached ** piety under Makhleb
  3025 | D:10     | Noticed Grum
  3039 | D:10     | Killed Grum
  3148 | D:10     | Reached skill level 10 in Axes
  3270 | D:10     | Killed an unseen horror
  3389 | D:11     | Noticed a four-headed hydra
  3416 | D:11     | Killed a four-headed hydra
  3431 | D:11     | Reached XP level 11. HP: 88/99 MP: 7/7
  3437 | D:11     | Found a staircase to the Orcish Mines.
  3457 | Orc:1    | Entered Level 1 of the Orcish Mines
  3457 | Orc:1    | Found Hudwial's Jewellery Emporium.
  3539 | Orc:1    | Found a roughly hewn altar of Beogh.
  3595 | Orc:1    | Reached *** piety under Makhleb
  3765 | Orc:2    | Entered Level 2 of the Orcish Mines
  3793 | Orc:2    | Noticed an orc high priest
  3794 | Orc:2    | Noticed an orc sorcerer
  3794 | Orc:2    | Noticed an orc warlord
  3797 | Orc:2    | Found Ashono's Book Shop.
  3797 | Orc:2    | Noticed an orc sorcerer
  3878 | Orc:2    | Killed an orc warlord
  3879 | Orc:2    | Reached skill level 11 in Shields
  3906 | Orc:2    | Killed an orc sorcerer
  3918 | Orc:2    | Killed an orc high priest
  3925 | Orc:2    | Killed an orc sorcerer
  4007 | Orc:2    | Found Kanea's General Store.
  4007 | Orc:2    | Noticed an orc high priest
  4021 | Orc:2    | Killed an orc high priest
  4030 | Orc:2    | Found a staircase to the Elven Halls.
  4064 | Orc:2    | Noticed an orc sorcerer
  4067 | Orc:2    | Noticed an orc high priest
  4070 | Orc:2    | Noticed a sun demon
  4073 | Orc:2    | Killed an orc sorcerer
  4080 | Orc:2    | Killed an orc high priest
  4083 | Orc:2    | Reached skill level 12 in Shields
  4083 | Orc:2    | Reached skill level 5 in Spellcasting
  4090 | Orc:2    | Found Touteedi's Antique Weapon Shoppe.
  4099 | Orc:2    | Reached **** piety under Makhleb
  4136 | Orc:2    | Found a roughly hewn altar of Beogh.
  4176 | Orc:2    | Noticed an orc knight
  4177 | Orc:2    | Found Itytiopu's Antique Armour Boutique.
  4177 | Orc:2    | Noticed an orc high priest
  4177 | Orc:2    | Noticed an orc sorcerer
  4185 | Orc:2    | Noticed an orc high priest
  4187 | Orc:2    | Noticed a sun demon
  4201 | Orc:2    | Noticed a sixfirhy
  4208 | Orc:2    | Noticed a sixfirhy
  4210 | Orc:2    | HP: 2/100 [orc knight/+0 battleaxe (9)]
  4211 | Orc:2    | Slain by a sixfirhy

Illustrated notes

Levels and vault maps discovered:
D:1:      mrwooster_arrival_arrow, layout_basic
D:2:      layout_loops_corners, nzn_hepliaklqana_mist_gate,
          nicolae_overflow_crystal_walls
D:3:      layout_basic, dancing_weapons_uskayaw, minmay_gold_behind_fungi
D:4:      layout_rooms, gammafunk_ghost_split, uniq_robin, uniq_menkaure,
          uniq_natasha, uniq_sigmund
D:5:      layout_layer_cave, gammafunk_temple_overflow_pools, kennysheep_path_1,
          uniq_blork_the_orc
D:6:      layout_cave_pools, minmay_temple_entry_mist
D:7:      cheibrodos_quashed, layout_gridville, uniq_joseph
D:8:      minmay_razor_zed, layout_loops_corners,
          chequers_temple_overflow_statue_of_worship, kennysheep_mini_moat,
          minmay_overflow_temple_star_quad, uniq_pikel
D:9:      layout_layer_cave, uniq_prince_ribbit1
D:10:     layout_grid_maze, erik_lair_island, minmay_sticks_and_stones,
          uniq_grum
D:11:     layout_basic, david_orc_3, minmay_holes
Temple:   jpeg_temple_island
Orc:1:    layout_diamond_mine, serial_shops, nicolae_shop_crystal,
          david_defended_altar_orc
Orc:2:    grunt_orc_gardens, layout_diamond_mine, grunt_orc_garden,
          grunt_orc_garden, grunt_orc_garden, grunt_orc_garden, basic_altar

Skill      XL: |  1  2  3  4  5  6  7  8  9 10 11 |
---------------+----------------------------------+-----
Fighting       | 3 4 5 6 7 |  7.0
Axes           | 3 4 5 6 8 9 10 11 | 11.8
Shields        | 4 5 6 8 9 10 12 | 12.0
Armour         | 4 5 |  5.0
Invocations    | 3 4 6 7 |  7.3
Evocations     | 2 4 5 |  5.0
Spellcasting   | 1 2 3 5 |  5.0

Action                   |  1- 3 |  4- 6 |  7- 9 | 10-12 || total
-------------------------+-------+-------+-------+-------++-------
Melee: War axe           |    34 |    79 |   322 |   442 ||   877
       Flail             |       |       |       |     8 ||     8
Throw: Dart              |       |    10 |       |     4 ||    14
Invok: Lesser Servant of |       |       |       |     9 ||     9
 Abil: Heal Wounds       |     1 |     7 |    11 |    37 ||    56
Evoke: Wand              |       |       |    11 |    15 ||    26
  Use: Scroll            |     3 |       |     9 |     3 ||    15
       Potion            |     1 |     1 |       |     5 ||     7
 Stab: Distracted        |       |       |       |     2 ||     2
Armor: Scale mail        |    22 |    38 |    43 |       ||   103
       Plate armour      |       |       |   103 |   341 ||   444
Dodge: Dodged            |    16 |    34 |    65 |   114 ||   229
Block: Kite shield       |    25 |    75 |   174 |   354 ||   628
